 Dungeon Crawl Stone Soup version 0.32-a0-401-g0bcb2a7693 (webtiles) character file.

Game seed: 8618438587083043746

15495 Struensee the Bludgeoner (level 12, -6/104 HPs)
             Began as a Mountain Dwarf Berserker on Feb 20, 2024.
             Was a High Priest of Trog.
             Shot with a bolt by a kobold blastminer (10 damage)
             ... on level 2 of the Orcish Mines.
             The game lasted 00:44:55 (12495 turns).

Struensee the Bludgeoner (MDBe)                    Turns: 12495, Time: 00:44:56

Health: -6/104     AC: 19    Str: 25    XL:     12   Next: 1%
Magic:  12/12      EV:  7    Int:  8    God:    Trog [*****.]
Gold:   678        SH: 15    Dex:  9    Spells: 11/11 levels left

rFire   + . .        z - +9 eveningstar "Lin Zemi" {venom, rCorr}
rCold   + . .        Y - +0 kite shield
rNeg    + . .        R - +0 plate armour
rPois   .            x - +0 helmet
rElec   +            O - +0 cloak
rCorr   +            I - +0 pair of gloves
SInv    +            S - +0 pair of boots of Uskayaw's Benevolence {rC+ rN+}
Will    +++..        u - amulet of reflection Stlth
                     F - ring of protection from fire
HPRegen 1.37/turn    T - ring "Capreivu" {rElec SInv}
MPRegen 0.13/turn

%: reflection
@: lethally poisoned (-6 -> -7), strong-willed, on berserk cooldown,
regenerating, slowed, very slow
A: runic magic, artefact enchanting
a: Renounce Religion, Berserk, Trog's Hand, Brothers in Arms


You were on level 2 of the Orcish Mines.
You worshipped Trog.
Trog was extremely pleased with you.
You visited 3 branches of the dungeon, and saw 13 of its levels.
You also visited: Bailey.

You collected 1662 gold pieces.
You spent 984 gold pieces at shops.

Inventory:

Hand Weapons
 z - the +9 eveningstar "Lin Zemi" (weapon) {venom, rCorr}
   (You bought it in a shop on level 9 of the Dungeon)

   rCorr:     It protects you from acid and corrosion.
 U - a +2 dire flail of holy wrath
 W - a +3 scimitar of flaming
Missiles
 e - 3 curare-tipped darts
 g - 11 stones (quivered)
 t - 41 poisoned darts
 y - 16 boomerangs
 E - 5 javelins
Armour
 x - a +0 helmet (worn)
 I - a +0 pair of gloves (worn)
 O - a +0 cloak (worn)
 R - a +0 plate armour (worn)
 S - the +0 pair of boots of Uskayaw's Benevolence (worn) {rC+ rN+}
   (You found it in a bailey)

   rC+:       It protects you from cold.
   rN+:       It protects you from negative energy.
 X - the +1 chain mail of the Centipede {rPois Dex+5 Stlth+}
   (You found it on level 7 of the Dungeon)

   Dex+5:     It affects your dexterity (+5).
   rPois:     It protects you from poison Stlth+: It makes you more stealthy.
 Y - a +0 kite shield (worn)
Jewellery
 u - an amulet of reflection (around neck)
 F - a ring of protection from fire (left hand)
 T - the ring "Capreivu" (right hand) {rElec SInv}
   (You found it in a bailey)

   [ring of see invisible]

   rElec:     It insulates you from electricity.
   SInv:      It lets you see invisible.
Wands
 a - a wand of charming (18)
 h - a wand of flame (5)
 H - a wand of acid (6)
 Q - a wand of polymorph (2)
 Z - a wand of roots (13)
Scrolls
 k - a scroll of revelation {unknown}
 l - 3 scrolls of fear
 m - 2 scrolls of butterflies {unknown}
 p - 2 scrolls of blinking {unknown}
 q - 2 scrolls of amnesia {unknown}
 r - 2 scrolls of enchant armour {unknown}
 v - 3 scrolls of immolation
 w - 6 scrolls of teleportation
 A - 2 scrolls of fog
 D - a scroll of brand weapon {unknown}
 N - a scroll of vulnerability {unknown}
Potions
 b - a potion of lignification {unknown}
 d - 4 potions of brilliance {unknown}
 f - a potion of enlightenment {unknown}
 i - a potion of attraction {unknown}
 j - 3 potions of haste {unknown}
 n - 6 potions of curing {unknown}
 o - 5 potions of heal wounds {unknown}
 s - 4 potions of berserk rage {unknown}
 B - 4 potions of magic {unknown}
 J - 4 potions of might {unknown}
 K - 2 potions of cancellation {unknown}
 M - a potion of ambrosia {unknown}
 P - a potion of degeneration {unknown}
 V - 2 potions of invisibility {unknown}


   Skills:
 - Level 9.0 Fighting
 + Level 15.9 Maces & Flails
 - Level 4.0 Throwing
 - Level 9.0 Armour
 - Level 2.0 Dodging
 - Level 9.0 Shields


You had 11 spell levels left.
You didn't know any spells.
Your spell library was empty.

Dungeon Overview and Level Annotations

Branches:
Dungeon (10/15)            Temple (1/1) D:5             Orc (2/2) D:9
    Elf (0/3) Orc:2        Bailey (visited)
   Lair: D:8-11

Altars:
Ashenzari
Cheibriados
Dithmenos
Elyvilon
Fedhas
Gozag
Hepliaklqana
Kikubaaqudgha
Makhleb
Nemelex Xobeh
Okawaru
Qazlal
Ru
Sif Muna
Trog
Uskayaw
Vehumet
Xom
Yredelemnul
Zin
The Shining One
Beogh

Shops:
D:9 (


Innate Abilities, Weirdness & Mutations

Your spellcasting is much less encumbered by armour.
You can use scrolls of enchantment on lesser artefacts.


Message History

You feel sick.
The orc knight hits you with a +3 war axe.
* * * LOW HITPOINT WARNING * * *
A red film seems to cover your vision as you go berserk!
You feel yourself moving faster!
You feel mighty!
You feel sick.
An orc warrior comes into view. It is wielding a +0 broad axe.
The orc knight barely misses you.
The kobold blastminer blasts its cannon at you.
The iron shot hits you!
* * * LOW HITPOINT WARNING * * *
The kobold blastminer is knocked back by the blast.
You bludgeon the orc knight!!
The orc knight looks as sick as possible!
The orc knight is severely wounded.
You feel sick.
An orc knight comes into view. It is wielding a +0 battleaxe.
You impale the orc knight!!
You kill the orc knight!
Trog accepts your kill.
You have reached level 12!
You feel clever.
You feel sick.
The orc knight roars a battlecry!
The orc warrior goes into a battle-frenzy!
The kobold blastminer blasts its cannon at you.
The iron shot hits you.
* * * LOW HITPOINT WARNING * * *
You hear a shout!
Things that are here:
a +0 dagger; a +0 robe You feel a strong urge to attack something.
You feel sick.
The orc knight roars a battlecry!
You hear a shout!
Items here: ( ) [ †.
You are no longer berserk.
You are exhausted.
You feel yourself slow down.
The kobold blastminer shoots a bolt.
The bolt hits you!
You die...

##.#.##......................
#...###......................
##..#.#......................
##............................
#.............................
#......##.....................
#....###.....................#
#....####.##...^............##
##.....####..@..........#...#
###...##...).....#.)...)#.##
#####...))....)#..)....##
##K..o)######........##
#...)### ##.....)..# #...##
#......))#### #..o#
#####...)#.#. ##.÷. ###......
#...o ##.#...


You could see an orc knight, a kobold blastminer and an orc warrior (strong).

Vanquished Creatures
  A two-headed ogre (Orc:2)
  2 orc high priests
  Urug (Orc:2)
  4 orc knights
  A deep elf zephyrmancer (Bailey)
  An orc sorcerer (Orc:2)
  Jeremiah (D:7)
  An efreet (D:9)
  A kobold demonologist (D:9)
  A troll (Orc:2)
  A hornet (D:9)
  A wyvern (D:8)
  3 yaks (D:9)
  Eustachio (D:6)
  A steam dragon (D:7)
  A warg (Orc:1)
  Menkaure (D:4)
  Duvessa (D:5)
  A water moccasin (D:9)
  26 orc warriors
  2 ice beasts
  2 sky beasts (D:7)
  A black bear (D:7)
  3 ogres
  A centaur (D:5)
  A phantom (D:5)
  4 kobold brigands
  8 bullfrogs
  A gnoll sergeant (D:8)
  8 scorpions
  16 wights
  Dowan (D:5)
  4 killer bees (D:9)
  An electric eel (D:9)
  5 hounds
  11 orc priests
  5 bombardier beetles (D:5)
  A gnoll bouda (D:8)
  2 sleepcaps
  6 iguanas
  Natasha (thrice) (D:4)
  19 orc wizards
  Terence (D:2)
  11 gnolls
  9 adders
  A ribbon worm (D:2)
  5 dart slugs
  88 orcs
  7 bats
  5 endoplasms
  3 giant cockroaches
  8 goblins
  9 hobgoblins
  24 kobolds
  5 quokkas
  7 ball pythons
  2 frilled lizards (D:2)
  6 rats
347 creatures vanquished.

Vanquished Creatures (others)
  Erica (D:8)
1 creature vanquished.

Grand Total: 348 creatures vanquished

Notes
Turn   | Place    | Note
-------+----------+-------------------------------------------
     0 | D:1      | Struensee the Mountain Dwarf Berserker began the quest for
                  | the Orb.
     0 | D:1      | Reached XP level 1. HP: 19/19 MP: 1/1
   132 | D:1      | Reached XP level 2. HP: 17/26 MP: 2/2
   391 | D:1      | Reached skill level 4 in Maces & Flails
   414 | D:1      | Reached XP level 3. HP: 31/31 MP: 3/3
   756 | D:1      | Reached ** piety under Trog
  1262 | D:2      | Reached XP level 4. HP: 35/40 MP: 4/4
  1404 | D:2      | Noticed Terence
  1427 | D:2      | Reached skill level 5 in Maces & Flails
  1430 | D:2      | Killed Terence
  1629 | D:2      | Found a faded altar of an unknown god.
  1789 | D:3      | Found a burning altar of Makhleb.
  1870 | D:3      | Reached XP level 5. HP: 46/46 MP: 5/5
  1944 | D:3      | Reached skill level 6 in Maces & Flails
  2334 | D:4      | Noticed an ogre
  2352 | D:4      | Reached skill level 7 in Maces & Flails
  2352 | D:4      | Reached XP level 6. HP: 52/52 MP: 6/6
  2360 | D:4      | Reached skill level 8 in Maces & Flails
  2486 | D:4      | Noticed Natasha
  2496 | D:4      | Killed Natasha
  2497 | D:4      | Reached XP level 7. HP: 50/59 MP: 7/7
  2587 | D:4      | Noticed Natasha
  2593 | D:4      | Killed Natasha
  2594 | D:4      | Reached skill level 9 in Maces & Flails
  2604 | D:4      | Noticed Menkaure
  2967 | D:4      | Killed Menkaure
  3024 | D:4      | Noticed Natasha
  3028 | D:4      | Killed Natasha
  3029 | D:4      | Reached skill level 10 in Maces & Flails
  3339 | D:5      | Entered Level 5 of the Dungeon
  3397 | D:4      | Found a white marble altar of Elyvilon.
  3707 | D:5      | Reached skill level 11 in Maces & Flails
  3707 | D:5      | Reached XP level 8. HP: 66/66 MP: 8/8
  3744 | D:5      | Reached *** piety under Trog
  3833 | D:5      | Reached skill level 12 in Maces & Flails
  3990 | D:5      | Found a staircase to the Ecumenical Temple.
  4205 | D:5      | Noticed Dowan
  4208 | D:5      | Noticed Duvessa
  4213 | D:5      | Killed Dowan
  4214 | D:5      | Reached skill level 13 in Maces & Flails
  4219 | D:5      | Killed Duvessa
  4855 | D:5      | Reached XP level 9. HP: 71/71 MP: 9/9
  4891 | D:5      | Reached skill level 14 in Maces & Flails
  5239 | D:6      | Reached skill level 5 in Fighting
  5464 | D:6      | Reached **** piety under Trog
  5500 | D:7      | Reached skill level 1 in Throwing
  5776 | D:7      | Found a flagged portal.
  5817 | Bailey   | Entered a bailey
  6076 | Bailey   | Noticed an orc knight
  6092 | Bailey   | Killed an orc knight
  6093 | Bailey   | Reached XP level 10. HP: 86/86 MP: 10/10
  6137 | Bailey   | Found a large runed translucent door.
  6137 | Bailey   | Found a large runed translucent door.
  6155 | Bailey   | Reached skill level 5 in Armour
  6223 | Bailey   | Noticed a deep elf zephyrmancer
  6284 | Bailey   | Killed a deep elf zephyrmancer
  6296 | Bailey   | Identified the +0 pair of boots of Uskayaw's Benevolence
                  | {rC+ rN+}
  6310 | Bailey   | Identified the ring "Capreivu" {rElec SInv}
  6478 | D:7      | Identified the +1 chain mail of the Centipede {rPois Dex+5
                  | Stlth+}
  6586 | D:6      | Noticed Eustachio
  6617 | D:6      | Killed Eustachio
  7389 | D:7      | Noticed Jeremiah
  7435 | D:7      | Killed Jeremiah
  7436 | D:7      | Reached skill level 1 in Shields
  7863 | D:9      | Found Facsyodu's Weapon Shoppe.
  7999 | D:8      | Noticed Erica
  8015 | D:8      | Reached skill level 5 in Shields
  8037 | D:8      | Killed Erica
  8407 | Temple   | Entered the Ecumenical Temple
  8793 | D:8      | Found a shadowy altar of Dithmenos.
  9271 | D:9      | Found a glowing golden altar of the Shining One.
  9571 | D:10     | Entered Level 10 of the Dungeon
  9604 | D:9      | Reached XP level 11. HP: 90/94 MP: 11/11
  9626 | D:9      | Paralysed by a hornet for 3 turns
  9959 | D:9      | Found a staircase to the Orcish Mines.
 10140 | D:9      | Reached ***** piety under Trog
 10311 | Orc:1    | Entered Level 1 of the Orcish Mines
 10338 | Orc:1    | Found a burning altar of Makhleb.
 10562 | Orc:1    | Noticed an orc knight
 10597 | Orc:1    | Killed an orc knight
 10900 | D:9      | Bought the +7 eveningstar "Lin Zemi" {venom, rCorr} for 984
                  | gold pieces
 10998 | Orc:1    | Noticed an orc high priest
 11017 | Orc:1    | Noticed a sun demon
 11023 | Orc:1    | Killed an orc high priest
 11287 | Orc:1    | Found a roughly hewn altar of Beogh.
 11352 | Orc:2    | Entered Level 2 of the Orcish Mines
 11459 | Orc:2    | Received a gift from Trog
 11549 | Orc:2    | Noticed Urug
 11563 | Orc:2    | Killed Urug
 12001 | Orc:2    | Found a staircase to the Elven Halls.
 12188 | Orc:2    | Noticed a two-headed ogre
 12219 | Orc:2    | Killed a two-headed ogre
 12226 | Orc:2    | Reached skill level 15 in Maces & Flails
 12237 | Orc:2    | Noticed an orc knight
 12256 | Orc:2    | Killed an orc knight
 12463 | Orc:2    | Noticed an orc high priest
 12463 | Orc:2    | Noticed an orc sorcerer
 12480 | Orc:2    | Killed an orc high priest
 12483 | Orc:2    | Killed an orc sorcerer
 12484 | Orc:2    | Noticed an orc knight
 12490 | Orc:2    | HP: 6/145 [kobold blastminer/iron shot (13)]
 12491 | Orc:2    | Noticed an orc knight
 12492 | Orc:2    | Killed an orc knight
 12493 | Orc:2    | Reached XP level 12. HP: 8/104 MP: 12/12
 12495 | Orc:2    | Shot with a bolt by a kobold blastminer

Illustrated notes

Levels and vault maps discovered:
D:1:      dpeg_chamrin_arrival_tetris, layout_loops_ring, serial_aquarium,
          aquarium_bridge_long_separate [aquarium_subvault_wall,
          aquarium_subvault_bridge, aquarium_subvault_balcony,
          aquarium_subvault_bridge, aquarium_subvault_window,
          aquarium_subvault_wall], aquarium_window_1, aquarium_window_1,
          aquarium_window_1, aquarium_window_2, aquarium_view_2d
D:2:      layout_basic, chequers_ecumenical_altar_simple, moated_statue,
          uniq_terence
D:3:      layout_rooms, mainiacjoe_overflow_paths, kennysheep_path_1
D:4:      layout_loops_ring, nicolae_elyvilon_peaceful_grove,
          minmay_misc_feat_alley, uniq_menkaure, uniq_natasha
D:5:      minmay_thinvault, layout_basic, minmay_temple_entry_ruins,
          minmay_liquid_box, uniq_duvessa
D:6:      layout_basic, uniq_eustachio
D:7:      layout_basic, enter_bailey_5, uniq_jeremiah
D:8:      layout_cave_pods, nicolae_dithmenos_the_darkroom, uniq_erica
D:9:      layout_rooms, tso_altar, david_orc_2, serial_shops,
          nicolae_shop_crystal, nrook_pool_corridor
D:10:     minmay_s_stair_smasher, layout_cave_pools,
          mainiacjoe_overflow_cross_hatched, lair_entry_dummy
Temple:   minmay_crystal_spiral_temple
Orc:1:    layout_caves, basic_altar, bh_open_orc_temple
Orc:2:    grunt_orc_tribal_feast, layout_caves, uniq_urug

Skill      XL: |  1  2  3  4  5  6  7  8  9 10 11 |
---------------+----------------------------------+-----
Maces & Flails | 4 5 7 8 11 13 14 15 | 15.9
Dodging        | 2 |  2.0
Armour         | 3 4 7 9 |  9.0
Fighting       | 4 7 8 9 |  9.0
Throwing       | 4 |  4.0
Shields        | 7 9 |  9.0

Action                     |  1- 3 |  4- 6 |  7- 9 | 10-12 || total
---------------------------+-------+-------+-------+-------++-------
  Melee: Mace              |    94 |   105 |       |       ||   199
         Flail             |       |     8 |   158 |   225 ||   391
         Whip              |       |       |   172 |   319 ||   491
         Eveningstar       |       |       |       |   155 ||   155
  Throw: Javelin           |       |     2 |     1 |       ||     3
         Stone             |       |       |    14 |    69 ||    83
 Invoke: Berserk           |     1 |     2 |     5 |     6 ||    14
         Trog's Hand       |       |       |     3 |     5 ||     8
    Use: Scroll            |       |       |       |     8 ||     8
 Armour: Animal skin       |    10 |       |       |       ||    10
         Chain mail        |    63 |   100 |   174 |       ||   337
         Plate armour      |       |       |       |   358 ||   358
  Dodge: Dodged            |    46 |    54 |   100 |   124 ||   324
  Block: Kite shield       |       |       |       |   415 ||   415
         Reflection        |       |       |       |    16 ||    16

Table legend: (Time is in decaauts)
 A = Elapsed time spent in this place.
 B = Non-inter-level travel time spent in this place.
 C = Inter-level travel time spent in this place.
 D = Time resting spent in this place.
 E = Time spent auto-exploring this place.
 F = Levels seen in this place.
 G = Mean time per level.
                   A        B        C        D        E       F      G
               +--------+--------+--------+--------+--------+-----+--------+
         Total |  12352 |  10590 |   1762 |   1970 |   5753 |  14 |  882.3 |
       Dungeon |   9919 |   8387 |   1532 |   1152 |   5280 |  10 |  991.9 |
        Temple |     17 |     12 |      5 |      0 |      0 |   1 |   17.0 |
  Orcish Mines |   1849 |   1624 |    225 |    688 |    420 |   2 |  924.5 |
        Bailey |    565 |    565 |      0 |    129 |     53 |   1 |  565.0 |
               +--------+--------+--------+--------+--------+-----+--------+

Top non-repeatable levels by time:
     D:5: 1491 daAuts
     D:8: 1335 daAuts
   Orc:1: 1249 daAuts
     D:9: 1206 daAuts
     D:6: 1098 daAuts
     D:7: 1024 daAuts
     D:1: 1022 daAuts
     D:3: 975 daAuts
     D:4: 968 daAuts
     D:2: 784 daAuts
   Orc:2: 600 daAuts
  Bailey: 565 daAuts
  Temple: 17 daAuts
    D:10: 12 daAuts
